 Dungeon Crawl Stone Soup version 0.31-a0-1074-g0b22e4e0f1 (webtiles) character file.

Game seed: 6251845955563673362

21 sammy202020 the Insei (level 3, 21/21 HPs)
             Began as a Kobold Shapeshifter on Nov 27, 2023.
             Quit the game on level 1 of the Dungeon.
             The game lasted 00:01:18 (517 turns).

sammy202020 the Insei (Kobold Shapeshifter)          Turns: 517, Time: 00:01:18

Health: 21/21      AC:  6    Str: 11    XL:     3   Next: 2%
Magic:  3/3        EV: 11    Int: 13    God:
Gold:   58         SH:  0    Dex: 14    Spells: 2/2 levels left

rFire   . .          .
                       - Unarmed
rCold   . . .        (no shield)
rNeg    . . .        g - +0 scale mail
rPois   .            (helmet currently unavailable)
rElec   .            (cloak currently unavailable)
rCorr   .            (gloves currently unavailable)
SInv    .            (boots currently unavailable)
Will    .....        (no amulet)
Stlth   +            (no ring)
HPRegen 0.23/turn    (no ring)
MPRegen 0.08/turn

%: no passive effects
@: beast-form
A: beast (slay +1), small, no large weapons, nightstalker 3
a: Begin Untransformation


You were on level 1 of the Dungeon.
You were a hulking beast.
You visited 1 branch of the dungeon, and saw 1 of its levels.

You collected 58 gold pieces.

Inventory:

Armour
 a - a +0 animal skin
 g - a +0 scale mail (worn)
Talismans
 c - a beast talisman
 d - a flux talisman
Scrolls
 f - a scroll of identify {unknown}
 h - a scroll of silence {unknown}
Potions
 b - a potion of lignification
 e - a potion of curing {unknown}


   Skills:
 * Level 1.8 Fighting
 + Level 0.3 Armour
 + Level 2.6 Dodging
 * Level 3.2 Unarmed Combat
 * Level 3.2 Shapeshifting


You had 2 spell levels left.
You didn't know any spells.
Your spell library was empty.

Dungeon Overview and Level Annotations

Branches:
Dungeon (1/15)

Altars:


Innate Abilities, Weirdness & Mutations

You are a hulking beast.
Your limbs bulge with bestial killing power. (Slay +1)
You are small and have problems with some larger weapons.
You are completely attuned to the shadows.


Message History

You closely miss the jackal. The jackal barely misses you.
The jackal bites you but does no damage.
You barely miss the jackal. The jackal bites you. x2
The jackal bites you but does no damage.
You closely miss the jackal.
The jackal bites you but does no damage.
The jackal closely misses you. x2
You hit the jackal.
The jackal is heavily wounded.
The jackal bites you but does no damage. x2
You hit the jackal but do no damage.
The jackal is heavily wounded.
The jackal closely misses you. The jackal bites you.
The jackal barely misses you.
You hit the jackal.
You kill the jackal!
The jackal bites you.
The jackal bites you but does no damage.
The jackal bites you but does no damage.
You hit the jackal.
The jackal is severely wounded.
The jackal bites you but does no damage.
You hit the jackal but do no damage.
The jackal is severely wounded.
The jackal closely misses you.
The jackal bites you but does no damage.
You barely miss the jackal.
The jackal is severely wounded.
The jackal misses you.
You hit the jackal.
You kill the jackal!
You have reached level 3!
Your experience leads to an increase in your attributes!
Increase (S)trength, (I)ntelligence, or (D)exterity?
You feel clever. x2
You can't go down here!
h - a scroll labelled INKULODDAUPP
There is a stone staircase leading down, spattered with blood here.
Okay, then.
Are you sure you want to abandon this character and quit the game? (Confirm with "yes".)

+...#
.###.#
#...#
###.######
##.##
#...>.....
##'#
...........
...###
##..##.....
.....##
#.......##
......#
##........
......#
###......##
...)..#
.....h....
.^...##
..........
...###
..........
####
.####.....
# #####. #
#### ##...#
#....+
#....#


There were no monsters in sight!

Vanquished Creatures
  A dart slug (D:1)
  4 bats (D:1)
  An endoplasm (D:1)
  A giant cockroach (D:1)
  A goblin (D:1)
  3 jackals (D:1)
  2 kobolds (D:1)
  A quokka (D:1)
  A frilled lizard (D:1)
  A rat (D:1)
16 creatures vanquished.

Notes
Turn   | Place    | Note
-------+----------+-------------------------------------------
     0 | D:1      | sammy202020 the Kobold Shapeshifter began the quest for the
                  | Orb.
     0 | D:1      | Reached XP level 1. HP: 12/12 MP: 1/1
   148 | D:1      | Reached XP level 2. HP: 11/16 MP: 2/2
   269 | D:1      | Found a faded altar of an unknown god.
   481 | D:1      | Reached XP level 3. HP: 13/21 MP: 3/3
   517 | D:1      | Quit the game

Illustrated notes

Levels and vault maps discovered:
D:1:      dpeg_arrival_three_smaller_balls, layout_basic,
          hellmonk_ecumenical_altar_heavens_door, minivault_24

Action                     || total
---------------------------++-------
  Melee: Unarmed           ||    51
         Punch             ||     2
   Stab: Sleeping          ||     2
 Armour: Animal skin       ||    11
         Scale mail        ||    20
  Dodge: Dodged            ||    33

Table legend: (Time is in decaauts)
 A = Elapsed time spent in this place.
 B = Non-inter-level travel time spent in this place.
 C = Inter-level travel time spent in this place.
 D = Time resting spent in this place.
 E = Time spent auto-exploring this place.
 F = Levels seen in this place.
 G = Mean time per level.
                   A        B        C        D        E       F      G
               +--------+--------+--------+--------+--------+-----+--------+
         Total |    514 |    514 |      0 |      0 |    367 |   1 |  514.0 |
       Dungeon |    514 |    514 |      0 |      0 |    367 |   1 |  514.0 |
               +--------+--------+--------+--------+--------+-----+--------+

Top non-repeatable levels by time:
     D:1: 514 daAuts
